 Dungeon Crawl Stone Soup version 0.29.0-4-gdea44cf6ec (webtiles) character file.

Game seed: 5467829071719123219

182 qw the Chopper (level 5, -1/30 HPs)
             Began as a Tengu Warper on Aug 28, 2022.
             Slain by Crazy Yiuf
             ... wielding a +4 quarterstaff of chaos
              (14 damage)
             ... on level 2 of the Dungeon.
             The game lasted 00:00:14 (2558 turns).

qw the Chopper (Tengu Warper)                       Turns: 2558, Time: 00:00:15

Health: -1/30      AC:  9    Str: 13    XL:     5   Next: 61%
Magic:  9/9        EV:  7    Int: 13    God:
Gold:   70         SH:  4    Dex: 20    Spells: 8/8 levels left

rFire   . . .      SeeInvis .   Y - +0 war axe
rCold   . . .      Faith    .   (no shield)
rNeg    . . .      Spirit   .   e - +0 chain mail
rPois   .          Reflect  .   (helmet restricted)
rElec   .          Harm     .   (no cloak)
rCorr   .          Rampage  .   l - +0 pair of gloves
Will    +....                   (boots unavailable)
Stlth   ..........              (no amulet)
HPRegen 0.10/turn               n - ring of willpower
MPRegen 0.11/turn               d - +6 ring of dexterity

@: lethally poisoned (-1 -> -5), flying quickly and evasively, quick
A: beak, talons 3, nimble flight, large bone plates 1
a: no special abilities


You were on level 2 of the Dungeon.
You visited 1 branch of the dungeon, and saw 2 of its levels.

You collected 70 gold pieces.


Innate Abilities, Weirdness & Mutations

You have a beak for a mouth.
You have claws for feet.
Your magical nature lets you fly swiftly and evasively.
You are partially covered in large bone plates. (SH +4)


   Skills:
 - Level 2.0 Fighting
 + Level 5.9 Axes
 - Level 1.0 Throwing
 - Level 2.1 Armour
 - Level 2.1 Dodging
 - Level 2.0 Spellcasting
 - Level 2.4 Translocations


You had 8 spell levels left.
You didn't know any spells.
Your spell library contained the following spells:

 Spells                   Type           Power      Damage    Failure   Level
 Blink                    Tloc           14%        N/A       99%         2
 Gell's Gravitas          Tloc           7%         N/A       100%        3
 Lesser Beckoning         Tloc           7%         N/A       100%        3
 Teleport Other           Tloc           7%         N/A       100%        3
 Manifold Assault         Tloc           7%         N/A       100%        5

Inventory:

Hand Weapons
 j - a +0 mace
 Y - a +0 war axe (weapon)
Armour
 e - a +0 chain mail (worn)
 l - a +0 pair of gloves (worn)
Jewellery
 d - a +6 ring of dexterity (right hand)
 n - a ring of willpower (left hand)
Scrolls
 h - a scroll of identify
Potions
 c - a potion of might {unknown}
 f - a potion of magic {unknown}
 g - a potion of brilliance {unknown}
 i - a potion of flight {unknown}
 k - a potion of curing {unknown}

Dungeon Overview and Level Annotations

Branches:
Dungeon (2/15)

Altars:

Annotations:
D:2 Crazy Yiuf


Message History

Crazy Yiuf shouts!
Could not explore, unopened runed door.
2551 ||| UPGRADING to +6 ring of dexterity.
You feel agile.
d - a +6 ring of dexterity (right hand) Crazy Yiuf flaps his cloak.
Could not explore, unopened runed door.
2552 ||| READING scroll labelled JIVAIR TENE.
The air fills with toxic fumes!
As you read the scroll labelled JIVAIR TENE, it crumbles to dust.
It was a scroll of poison.
Could not explore, unopened runed door.
2553 ||| DRINKING 2 coppery potions.
It was a potion of mutation.
You feel extremely strange.
Your body twists and deforms.
You occasionally lose the ability to drink potions when taking damage.
2554 ||| DRINKING potion of mutation.
You feel extremely strange.
You no longer become unable to drink potions after taking damage.
Your body's shape seems more normal.
Large bone plates grow over parts of your arms.
Could not explore, unopened runed door.
(D) Dungeon
Where to? (* - list waypoints, Enter - D:2, ? - help)
What level of the Dungeon? (default 1, ? - help) Sorry, I don't know how to get there.
Could not explore, unopened runed door.
2555 ||| Stepping randomly (stuck).
You reach down and open the door.
Crazy Yiuf says, "You rumpyflump tortoise!"
You hit Crazy Yiuf.
Crazy Yiuf is lightly wounded.
Crazy Yiuf hits you with a +4 quarterstaff of chaos!
You slash Crazy Yiuf!
Crazy Yiuf is heavily wounded.
Crazy Yiuf hits you with a +4 quarterstaff of chaos.
You are poisoned.
You closely miss Crazy Yiuf.
Crazy Yiuf is heavily wounded.
You feel sick.
Crazy Yiuf hits you with a +4 quarterstaff of chaos!
You die...

#.....#### #.....#
#.#.### #####
####77 ###
###....77 77#..)#
#.....PP7777@g...#
#.#...PP.7¤¤7#...#
#.##....7¤777 ###
#.####77777 #.#
#####.######
......../..#
##########.# #.#


You could see Crazy Yiuf.

Vanquished Creatures
  Jessica (D:2)
  Natasha (thrice) (D:2)
  Robin (D:2)
  An adder (D:2)
  2 worms (D:2)
  A dart slug (D:1)
  An orc (D:2)
  5 endoplasms
  2 giant cockroaches (D:2)
  13 goblins
  3 hobgoblins
  3 quokkas
  8 ball pythons
  5 bats
  A frilled lizard (D:2)
  3 kobolds
  3 rats
56 creatures vanquished.

Notes
Turn   | Place    | Note
-------+----------+-------------------------------------------
     0 | D:1      | qw the Tengu Warper began the quest for the Orb.
     0 | D:1      | Reached XP level 1. HP: 12/12 MP: 4/4
     0 | D:1      | 0 ||| qw: Version: 0.1-a-89-g26bdef1
     0 | D:1      | 0 ||| qw: Game counter: 2135
     0 | D:1      | 0 ||| qw: Always use a shield: true
     0 | D:1      | 0 ||| qw: God list: Okawaru
     0 | D:1      | 0 ||| qw: Allow faded altars: false
     0 | D:1      | 0 ||| qw: Do Orc after D:15 true
     0 | D:1      | 0 ||| qw: Do second Lair branch before Depths: true
     0 | D:1      | 0 ||| qw: Lair rune preference: random
     0 | D:1      | 0 ||| qw: Plans: Normal
     0 | D:1      | 0 ||| PLANNING D:1-11
    73 | D:1      | Reached skill level 3 in Axes
    73 | D:1      | Reached XP level 2. HP: 14/17 MP: 6/6
   180 | D:1      | 180 ||| Stepping ~*~*~tactically~*~*~ (stealth).
   181 | D:1      | 181 ||| Stepping ~*~*~tactically~*~*~ (stealth).
   183 | D:1      | 183 ||| Stepping ~*~*~tactically~*~*~ (stealth).
   184 | D:1      | 184 ||| Stepping ~*~*~tactically~*~*~ (stealth).
   336 | D:1      | 336 ||| Stepping ~*~*~tactically~*~*~ (stealth).
   337 | D:1      | 337 ||| DROPPING +0 club.
   446 | D:1      | 446 ||| Stepping ~*~*~tactically~*~*~ (stealth).
   464 | D:1      | 464 ||| Stepping ~*~*~tactically~*~*~ (stealth).
   634 | D:1      | Reached XP level 3. HP: 21/21 MP: 7/7
  1018 | D:1      | 1018 ||| UPGRADING to +0 chain mail.
  1028 | D:1      | 1028 ||| DROPPING +0 leather armour.
  1029 | D:1      | 1029 ||| UPGRADING to +0 pair of gloves.
  1034 | D:1      | 1034 ||| UPGRADING to ring of willpower.
  1035 | D:1      | 1035 ||| READING scroll labelled ICUIH XUM DIMM.
  1036 | D:1      | 1036 ||| READING scroll labelled XUOKLI ZOSHORO.
  1037 | D:1      | 1037 ||| READING scroll labelled OSO CUIDGHUFEO.
  1038 | D:1      | 1038 ||| DROPPING scroll of blinking.
  1057 | D:2      | Noticed Natasha
  1066 | D:2      | Killed Natasha
  1067 | D:2      | Reached skill level 4 in Axes
  1186 | D:2      | 1186 ||| FLEEEEING.
  1187 | D:2      | 1187 ||| FLEEEEING.
  1188 | D:2      | 1188 ||| STAIRDANCE
  1272 | D:2      | Reached XP level 4. HP: 26/26 MP: 8/8
  1295 | D:2      | 1295 ||| SWAPPING to +0 war axe.
  1296 | D:2      | 1296 ||| DROPPING +0 hand axe.
  1304 | D:2      | Noticed Robin
  1305 | D:2      | 1305 ||| Stepping ~*~*~tactically~*~*~ (hiding).
  1315 | D:2      | Killed Robin
  1339 | D:2      | Found a faded altar of an unknown god.
  1355 | D:2      | Reached skill level 5 in Axes
  1364 | D:2      | Noticed Jessica
  1370 | D:2      | HP: 6/26 [Jessica/+0 dagger (5)]
  1373 | D:2      | Killed Jessica
  1418 | D:2      | 1418 ||| FLEEEEING.
  1430 | D:2      | 1430 ||| FLEEEEING.
  1670 | D:2      | 1670 ||| Stepping ~*~*~tactically~*~*~ (stealth).
  1773 | D:2      | Gained mutation: Your magical nature lets you fly swiftly
                  | and evasively. [Tengu growth]
  1773 | D:2      | Reached XP level 5. HP: 30/30 MP: 9/9
  1840 | D:2      | Noticed Natasha
  1841 | D:2      | 1841 ||| Stepping ~*~*~tactically~*~*~ (stealth).
  1843 | D:2      | 1843 ||| Stepping ~*~*~tactically~*~*~ (hiding).
  1854 | D:2      | Killed Natasha
  1867 | D:2      | 1867 ||| FLEEEEING.
  1868 | D:2      | Noticed Natasha
  1868 | D:2      | 1868 ||| Stepping ~*~*~tactically~*~*~ (hiding).
  1879 | D:2      | Killed Natasha
  2370 | D:2      | Found a runed translucent door.
  2371 | D:2      | Noticed Crazy Yiuf
  2551 | D:2      | 2551 ||| UPGRADING to +6 ring of dexterity.
  2552 | D:2      | 2552 ||| READING scroll labelled JIVAIR TENE.
  2553 | D:2      | 2553 ||| DRINKING 2 coppery potions.
  2553 | D:2      | Gained mutation: Armour fits poorly on your strangely
                  | shaped body. [potion of mutation]
  2553 | D:2      | Gained mutation: You occasionally lose the ability to drink
                  | potions when taking damage. [potion of mutation]
  2554 | D:2      | 2554 ||| DRINKING potion of mutation.
  2554 | D:2      | Lost mutation: You occasionally lose the ability to drink
                  | potions when taking damage. [potion of mutation]
  2554 | D:2      | Lost mutation: Armour fits poorly on your strangely shaped
                  | body. [potion of mutation]
  2554 | D:2      | Gained mutation: You are partially covered in large bone
                  | plates. (SH +4) [potion of mutation]
  2555 | D:2      | 2555 ||| Stepping randomly (stuck).
  2558 | D:2      | Slain by Crazy Yiuf

Levels and vault maps discovered:
D:1:      scummos_arrival_hexagon, layout_basic
D:2:      layout_loops_ring, ebering_ecumenical_altar_webs,
          uniq_crazy_yiuf_cottage, uniq_robin, uniq_natasha, uniq_jessica

Skill      XL: |  1  2  3  4 |
---------------+-------------+-----
Axes           | 3 4 5 |  5.9
Armour         | 2 |  2.1
Fighting       | |  2.0
Throwing       | |  1.0
Dodging        | |  2.1
Spellcasting   | |  2.0
Translocations | |  2.4

Action                   |  1- 3 |  4- 6 || total
-------------------------+-------+-------++-------
Melee: Hand axe          |    58 |       ||    58
       Kick              |    13 |    18 ||    31
       Peck              |     3 |    10 ||    13
       War axe           |       |    67 ||    67
       Punch             |       |     1 ||     1
Throw: Boomerang         |     7 |    21 ||    28
  Use: Scroll            |     3 |     1 ||     4
       Potion            |       |     2 ||     2
Armor: Leather armour    |    10 |       ||    10
       Chain mail        |     4 |    29 ||    33
Dodge: Dodged            |    32 |    12 ||    44

Table legend:
 A = Non-vault XP
 B = Vault XP
 C = Vault XP percentage of total XP
 D = Non-vault monster count
 E = Vault monster count
 F = Vault count percentage of total count
                 A         B        C        D         E       F
            +---------+---------+-------+---------+---------+-------
      Total |     161 |      99 |  38.1 |      46 |      10 |  17.9
            +---------+---------+-------+---------+---------+-------
        D:1 |      42 |       0 |   0.0 |      26 |       0 |   0.0
        D:2 |     119 |      99 |  45.4 |      20 |      10 |  33.3
            +---------+---------+-------+---------+---------+-------
